 Dungeon Crawl Stone Soup version 0.22.1-2-g9c5b331 (webtiles) character file.

30187 Monii the Cleaver (level 13, -8/113 HPs)
             Began as a Minotaur Fighter on Dec 11, 2018.
             Was the Champion of Okawaru.
             Killed by divine providence
             ... invoked by a meliai
              (14 damage)
             ... on level 11 of the Dungeon on Dec 12, 2018.
             The game lasted 00:57:38 (12003 turns).

Monii the Cleaver (Minotaur Fighter)               Turns: 12003, Time: 00:57:39

Health: -8/113     AC: 30    Str: 22    XL:     13   Next: 19%
Magic:  12/12      EV:  8    Int: 10    God:    Okawaru [******]
Gold:   789        SH: 21    Dex: 17    Spells: 12/12 levels left

rFire    . . .     SeeInvis .   U - +5 short sword (protect)
rCold    + . .     Gourm    .   j - +2 large shield {AC+3}
rNeg     . . .     Faith    .   K - +4 chain mail of the Bulwark {rPois Regen+}
rPois    +         Spirit   .   (helmet restricted)
rElec    .         Reflect  .   X - +1 cloak "Fimumatra" {*Corrode rC+ MR+ Int+2}
rCorr    .         Harm     .   N - +1 pair of gloves {Dex+3}
MR       +....                  B - +2 pair of boots
Stlth    ..........             E - amulet of regeneration
HPRegen  1.08/turn              l - +3 ring of protection
MPRegen  0.13/turn              s - +3 ring of dexterity

@: hasted, very quick
A: retaliatory headbutt, horns 2
a: Heroism, Finesse, Renounce Religion


You were on level 11 of the Dungeon.
You worshipped Okawaru.
Okawaru was exalted by your worship.
You were not hungry.

You visited 3 branches of the dungeon, and saw 16 of its levels.
You also visited: Labyrinth.

You collected 1023 gold pieces.
You spent 234 gold pieces at shops.

Inventory:

Hand Weapons
 a - a +0 blowgun
 i - a +4 war axe of freezing
 m - a +4 broad axe of chopping
 S - a +1 battleaxe of venom
 U - a +5 short sword of protection (weapon)
 Y - a +2 scimitar of flaming
Missiles
 d - 4 throwing nets (quivered)
 u - 63 poisoned needles
 W - 17 javelins of returning
Armour
 j - a +2 large shield of protection (worn)
 r - a +1 cloak
 B - a +2 pair of boots (worn)
 K - the +4 chain mail of the Bulwark (worn) {rPois Regen+}
   (You found it on level 10 of the Dungeon)

   It protects you from poison.
   It increases your rate of regeneration.
 N - a +1 pair of gloves of dexterity (worn)
 X - the +1 cloak "Fimumatra" (worn) {*Corrode rC+ MR+ Int+2}
   (You found it in a labyrinth)

   It affects your intelligence (+2).
   It protects you from cold.
   It affects your resistance to hostile enchantments.
   It may corrode you when you take damage.
Jewellery
 c - an uncursed ring of positive energy {unknown}
 l - a +3 ring of protection (left hand)
 s - a +3 ring of dexterity (right hand)
 E - an amulet of regeneration (around neck)
 R - an uncursed amulet of harm {unknown}
Wands
 g - a wand of iceblast (20)
 p - a wand of flame (147)
 v - a wand of random effects (28)
 F - a wand of disintegration (10)
 O - a wand of paralysis (25)
 P - a wand of digging (8)
 Q - a wand of polymorph (5)
Scrolls
 q - 2 scrolls of immolation {unknown}
 t - 12 scrolls of remove curse
 x - 8 scrolls of identify
 y - 2 scrolls of fear
 A - 4 scrolls of fog {unknown}
 H - a scroll of amnesia
 M - 2 scrolls of magic mapping {unknown}
 Z - 2 scrolls of brand weapon {unknown}
Potions
 h - a potion of mutation {unknown}
 k - 3 potions of curing
 n - a potion of haste
 w - a potion of magic {unknown}
 z - a potion of lignification {unknown}
 C - 2 potions of cancellation
 D - a potion of brilliance
 G - a potion of invisibility {unknown}
 I - a potion of resistance {unknown}
 L - a potion of ambrosia {unknown}
Miscellaneous
 o - a fan of gales
Comestibles
 b - 17 chunks of flesh
 f - 25 rations


   Skills:
 + Level 10.1 Fighting
 + Level 9.7 Short Blades
 + Level 14.1(14.7) Axes
   Level 7.1(11.6) Maces & Flails
 + Level 11.6 Armour
 + Level 4.8 Dodging
 + Level 1.0 Stealth
 + Level 11.4 Shields


You had 12 spell levels left.
You didn't know any spells.
Your spell library contained the following spells:

 Spells                   Type           Power        Failure   Level  Hunger
 Corona                   Hex            #......      100%        1    ##.....
 Freeze                   Ice            #...         100%        1    ##.....
 Magic Dart               Conj           #...         100%        1    ##.....
 Shock                    Conj/Air       #...         100%        1    ##.....
 Blink                    Tloc           N/A          100%        2    ###....
 Call Imp                 Summ           #.......     100%        2    ###....
 Ensorcelled Hibernation  Hex/Ice        #.....       100%        2    ###....
 Slow                     Hex            #.......     100%        2    ###....
 Swiftness                Chrm/Air       #.......     100%        2    ###....
 Throw Frost              Conj/Ice       #.....       100%        2    ###....
 Confuse                  Hex            #.......     100%        3    ####...
 Conjure Flame            Conj/Fire      #.......     100%        3    ####...
 Dazzling Spray           Conj/Hex       #.....       100%        3    ####...
 Mephitic Cloud           Conj/Pois/Air  #.......     100%        3    ####...
 Ozocubu's Armour         Chrm/Ice       #.......     100%        3    ####...
 Static Discharge         Conj/Air       #.......     100%        3    ####...
 Tukima's Dance           Hex            #.......     100%        3    ####...
 Airstrike                Air            #.........   100%        4    #####..
 Summon Ice Beast         Ice/Summ       #.......     100%        4    #####..
 Throw Icicle             Conj/Ice       #.......     100%        4    #####..
 Lightning Bolt           Conj/Air       #.........   100%        5    ######.


Dungeon Overview and Level Annotations

Branches:
Dungeon (11/15)            Temple (1/1) D:4            Lair (4/6) D:9
 Shoals (0/4) Lair:4       Spider (0/4) Lair:3          Orc (0/2) D:10

Altars:
Cheibriados
Dithmenos
Elyvilon
Gozag
Hepliaklqana
Makhleb
Nemelex Xobeh
Okawaru
Qazlal
Ru
Sif Muna
Trog
Uskayaw
Vehumet
Wu Jian
Xom
Yredelemnul
Zin
The Shining One

Shops:
D:5 *

Annotations:
D:4 Sigmund


Innate Abilities, Weirdness & Mutations

You reflexively headbutt those who attack you in melee.
You have a pair of horns on your head.


Message History

Something smites you!
* * * LOW HITPOINT WARNING * * *
The meliai zombie barely misses you. You furiously retaliate!
You headbutt the meliai zombie!
You destroy the meliai zombie!
Okawaru accepts your kill.
You feel yourself speed up. You block the meliai's attack. x2
The meliai hits you with a hand axe!
* * * LOW HITPOINT WARNING * * *
The meliai stings you but does no damage.
You block the meliai's attack. x2; The meliai hits you but does no damage.
The meliai barely misses you. x2
The meliai stings you but does no damage.
There are monsters nearby!
The meliai mumbles some strange prayers to its god against you.
Something smites you!
* * * LOW HITPOINT WARNING * * *
The meliai invokes the aid of its god against you.
Something smites you!
You die...

#####..######....<.........
#..# #.###.##.......
.....#####.# #.# .......
#.###.......##..# ...#...
#. #######....## ...#...
##..#####...# ##
##....##.....#
##...#.#..... # #.@#......#
..#. ####y#.....###
#....##..yy....#..#
#..........###..#
##.#.###...# .... #. #.#
#...... ...
.....y(.##..####. ..
...#######..# . #.##


You could see 3 meliai.

Vanquished Creatures
  Kirke (Lair:4)
  A minotaur (Lab)
  Harold (D:8)
  3 hydras
  Erica (D:10)
  2 two-headed ogres
  A death yak (D:9)
  An unseen horror (D:11)
  Pikel (D:8)
  A merfolk siren (Lair:4)
  A centaur skeleton (D:10)
  3 spiny frogs
  A rime drake (Lair:2)
  2 komodo dragons
  Grinder (D:6)
  21 blink frogs
  9 hippogriffs
  A meliai zombie (D:11)
  5 hogs
  36 yaks
  A basilisk (D:10)
  4 wyverns
  Grum (D:9)
  A human (D:7)
  4 wargs (D:10)
  2 water moccasins
  3 porcupines
  3 orc warriors
  A slave (D:8)
  2 black bears (D:10)
  A phantom (D:7)
  3 sky beasts
  3 necrophages
  6 wolves
  7 ogres
  A centaur (D:9)
  10 crocodiles
  Blork the orc (D:5)
  A big kobold (D:7)
  10 bullfrogs
  A wyvern skeleton (D:6)
  2 scorpions
  5 killer bees (D:10)
  14 wights
  4 howler monkeys
  An electric eel (D:9)
  A crimson imp (D:5)
  A bullfrog skeleton (D:4)
  6 hounds
  4 orc wizards
  Crazy Yiuf (D:2)
  An orc priest (D:11)
  An iguana (D:10)
  2 worker ants
  A killer bee zombie (D:6)
  A worker ant zombie (D:2)
  11 adders
  An adder zombie (D:7)
  2 adder skeletons
  6 worms
  2 dart slugs (D:1)
  8 leopard geckos
  33 orcs
  A ball python (D:3)
  9 bats
  10 giant cockroaches
  17 goblins
  10 hobgoblins
  6 jackals
  15 kobolds
  3 quokkas
  11 frilled lizards
  A giant cockroach zombie (D:5)
  2 jackal skeletons (D:5)
  A jackal zombie (D:7)
  7 rats
  2 fungi
  2 plants
364 creatures vanquished.

Vanquished Creatures (others)
  A bush (Lair:3)
  2 fungi
  2 plants (D:10)
5 creatures vanquished.

Grand Total: 369 creatures vanquished

Notes
Turn   | Place    | Note
-------+----------+-------------------------------------------
     0 | D:1      | Monii the Minotaur Fighter began the quest for the Orb.
     0 | D:1      | Reached XP level 1. HP: 19/19 MP: 0/0
    60 | D:1      | Reached XP level 2. HP: 26/27 MP: 1/1
   536 | D:1      | Reached XP level 3. HP: 33/33 MP: 2/2
   930 | D:2      | Found a burning altar of Makhleb.
   960 | D:2      | Reached XP level 4. HP: 27/40 MP: 3/3
  1060 | D:2      | Found a runed door.
  1335 | D:2      | Found a white marble altar of Elyvilon.
  1680 | D:2      | Noticed Crazy Yiuf
  1687 | D:2      | Killed Crazy Yiuf
  1687 | D:2      | Reached skill level 5 in Shields
  1687 | D:2      | Reached XP level 5. HP: 36/47 MP: 4/4
  1752 | D:3      | Reached skill level 1 in Dodging
  2200 | D:3      | Found a shadowy altar of Dithmenos.
  2430 | D:4      | Found a staircase to the Ecumenical Temple.
  2459 | D:4      | Reached XP level 6. HP: 55/55 MP: 5/5
  2464 | Temple   | Entered the Ecumenical Temple
  2485 | Temple   | Became a worshipper of Warmaster Okawaru
  2617 | D:4      | Noticed a sky beast
  2642 | D:4      | Killed a sky beast
  2642 | D:4      | Reached skill level 5 in Armour
  2661 | D:4      | Noticed Sigmund
  2685 | D:5      | Entered Level 5 of the Dungeon
  2858 | D:5      | Reached * piety under Okawaru
  2858 | D:5      | Reached skill level 5 in Fighting
  2858 | D:5      | Reached skill level 5 in Maces & Flails
  2901 | D:5      | Reached XP level 7. HP: 42/61 MP: 6/6
  3091 | D:5      | Found Zuduujif's Assorted Antiques.
  3107 | D:5      | Bought a scroll labeled CIWKISTI SOSK for 30 gold pieces
  3107 | D:5      | Bought a scroll labeled ZAKIJ LOREYTZ for 30 gold pieces
  3107 | D:5      | Bought a scroll labeled ERCHAG GEUXTIDGH for 30 gold pieces
  3107 | D:5      | Bought a scroll of identify for 60 gold pieces
  3107 | D:5      | Bought a fizzy cyan potion for 27 gold pieces
  3107 | D:5      | Bought a grey potion for 27 gold pieces
  3107 | D:5      | Bought a scroll labeled ZAKIJ LOREYTZ for 30 gold pieces
  3142 | D:5      | Found a shimmering altar of Xom.
  3252 | D:5      | Noticed Blork the orc
  3265 | D:5      | Killed Blork the orc
  3401 | D:6      | Noticed Grinder
  3403 | D:6      | Paralysed by Grinder for 5 turns
  3423 | D:6      | Paralysed by Grinder for 7 turns
  3435 | D:6      | Killed Grinder
  3542 | D:6      | Reached ** piety under Okawaru
  3542 | D:6      | Reached XP level 8. HP: 65/69 MP: 7/7
  3555 | D:6      | Reached skill level 1 in Short Blades
  4110 | D:7      | Reached skill level 1 in Axes
  4120 | D:7      | Found a radiant altar of Vehumet.
  4518 | D:7      | Reached XP level 9. HP: 71/75 MP: 8/8
  4542 | D:7      | Reached *** piety under Okawaru
  4549 | D:7      | Reached skill level 2 in Axes
  4583 | D:7      | Reached skill level 3 in Axes
  4590 | D:7      | Reached skill level 4 in Axes
  4893 | D:8      | Found an ornate altar of the Wu Jian Council.
  4920 | D:8      | Noticed Harold
  4939 | D:8      | Killed Harold
  4939 | D:8      | Reached skill level 6 in Axes
  5096 | D:8      | Reached skill level 7 in Axes
  5096 | D:8      | Reached XP level 10. HP: 84/84 MP: 9/9
  5236 | D:8      | Found a sparkling altar of Nemelex Xobeh.
  5250 | D:8      | Noticed a two-headed ogre
  5263 | D:8      | Killed a two-headed ogre
  5263 | D:8      | Reached **** piety under Okawaru
  5263 | D:8      | Reached skill level 10 in Shields
  5469 | D:8      | Noticed Pikel
  5495 | D:8      | Killed Pikel
  5495 | D:8      | Reached ***** piety under Okawaru
  5495 | D:8      | Reached skill level 8 in Axes
  5665 | D:9      | Noticed Grum
  5696 | D:9      | Killed Grum
  5712 | D:9      | Reached skill level 9 in Axes
  5817 | D:9      | Found a sacrificial altar of Ru.
  5930 | D:9      | Found a staircase to the Lair.
  6183 | D:9      | Noticed a death yak
  6208 | D:9      | Reached skill level 10 in Axes
  6255 | D:9      | Killed a death yak
  6255 | D:9      | Received a gift from Okawaru
  6255 | D:9      | Reached XP level 11. HP: 52/93 MP: 10/10
  6269 | D:9      | Reached skill level 11 in Axes
  6471 | Lair:1   | Entered Level 1 of the Lair of Beasts
  6512 | Lair:1   | Found a labyrinth entrance.
  6527 | Lab      | Entered a labyrinth
  6837 | Lab      | Noticed a minotaur
  6846 | Lab      | Killed a minotaur
  6849 | Lab      | Got a spiked cloak
  7143 | Lair:1   | Identified the +1 cloak "Fimumatra" {*Corrode rC+ MR+
                  | Int+2} (You found it in a labyrinth)
  7170 | Lair:1   | Reached skill level 12 in Axes
  7367 | Lair:1   | Reached skill level 13 in Axes
  7395 | Lair:1   | Noticed a six-headed hydra
  7405 | Lair:1   | Killed an 11-headed hydra
  7760 | Lair:2   | Reached ****** piety under Okawaru
  7780 | Lair:2   | Received a gift from Okawaru
  7932 | Lair:2   | Reached skill level 14 in Axes
  8012 | Lair:2   | Reached XP level 12. HP: 92/102 MP: 11/11
  8031 | Lair:2   | Noticed a catoblepas
  8054 | Lair:2   | Noticed an eight-headed hydra
  8058 | Lair:2   | HP: 1/102 [catoblepas (15)]
  8244 | Lair:3   | Found a hole to the Spider Nest.
  8386 | Lair:3   | Reached skill level 10 in Armour
  8425 | Lair:3   | Noticed a four-headed hydra
  8439 | Lair:3   | Killed a four-headed hydra
  8439 | Lair:3   | Received a gift from Okawaru
  8514 | Lair:3   | Reached skill level 5 in Short Blades
  9312 | Lair:4   | Killed an eight-headed hydra
  9315 | Lair:4   | Found a staircase to the Shoals.
 10161 | Lair:4   | Noticed Kirke
 10189 | Lair:4   | Killed Kirke
 10679 | D:10     | Entered Level 10 of the Dungeon
 10857 | D:10     | Reached skill level 1 in Stealth
 10895 | D:10     | Got a spiked chain mail
 10906 | D:10     | Identified the +4 chain mail of the Bulwark {rPois Regen+}
                  | (You found it on level 10 of the Dungeon)
 11159 | D:10     | Noticed Erica
 11175 | D:10     | Killed Erica
 11175 | D:10     | Reached XP level 13. HP: 102/113 MP: 12/12
 11295 | D:10     | Received a gift from Okawaru
 11318 | D:10     | Found a staircase to the Orcish Mines.
 11383 | D:10     | Reached skill level 10 in Fighting
 12003 | D:11     | Killed from afar by a meliai

Skill      XL: |  1  2  3  4  5  6  7  8  9 10 11 12 13 |
---------------+----------------------------------------+-----
Armour         | 4 5 7 8 9 11 | 11.6
Fighting       | 4 5 6 7 8 9 10 | 10.1
Shields        | 4 5 6 7 8 9 10 11 | 11.4
Maces & Flails | 3 4 5 6 7 |  7.1
Dodging        | 1 2 3 4 |  4.8
Short Blades   | 2 8 9 |  9.7
Axes           | 1 7 10 14 | 14.1
Stealth        | 1 |  1.0

Action                   |  1- 3 |  4- 6 |  7- 9 | 10-12 | 13-15 || total
-------------------------+-------+-------+-------+-------+-------++-------
Melee: Flail             |    72 |   245 |    41 |       |       ||   358
       Headbutt          |    12 |    39 |    58 |   227 |    44 ||   380
       Dagger            |       |       |    60 |       |       ||    60
       War axe           |       |       |   174 |   191 |       ||   365
       Battleaxe         |       |       |       |    75 |       ||    75
       Broad axe         |       |       |       |    25 |       ||    25
       Short sword       |       |       |       |   472 |   137 ||   609
Evoke: Wand              |       |       |       |       |     2 ||     2
  Use: Scroll            |     4 |     3 |     3 |     6 |     1 ||    17
       Potion            |       |       |     7 |     4 |     1 ||    12
  Eat: Chunk             |       |     7 |    10 |    20 |     2 ||    39
Armor: Scale mail        |    40 |   115 |    95 |       |       ||   250
       Plate armour      |       |       |       |   480 |       ||   480
       Chain mail        |       |       |       |    17 |    54 ||    71
Dodge: Dodged            |    26 |    35 |    59 |   257 |    26 ||   403
Block: Shield            |    41 |     7 |       |       |       ||    48
       Large shield      |       |   198 |   201 |   143 |    66 ||   608
